 Dungeon Crawl Stone Soup version 0.28.0 (webtiles) character file.

Game seed: 3489776420738239527

56 Armakuni the Skirmisher (level 3, -2/29 HPs)
             Began as a Merfolk Arcane Marksman on Feb 11, 2022.
             Slain by a worm (5 damage)
             ... on level 2 of the Dungeon.
             The game lasted 00:04:04 (1426 turns).

Armakuni the Skirmisher (Merfolk Arcane Marksman)   Turns: 1426, Time: 00:04:05

Health: -2/29      AC:  5    Str: 12    XL:     3   Next: 95%
Magic:  4/4        EV: 11    Int: 12    God:
Gold:   45         SH:  0    Dex: 14    Spells: 3/4 levels left

rFire   . . .      SeeInvis +   a - +0 spear
rCold   . . .      Faith    .   (no shield)
rNeg    . . .      Spirit   .   h - +0 ring mail
rPois   .          Reflect  .   (no helmet)
rElec   .          Harm     .   (no cloak)
rCorr   .          Rampage  .   (no gloves)
Will    .....                   (no boots)
Stlth   +.........              (no amulet)
HPRegen 0.09/turn               I - ring of see invisible
MPRegen 0.09/turn               (no ring)

@: no status effects
A: (nimble swimmer 2), mertail
a: no special abilities


You were on level 2 of the Dungeon.
You visited 1 branch of the dungeon, and saw 2 of its levels.

You collected 45 gold pieces.

Inventory:

Hand Weapons
 a - a +0 spear (weapon)
Missiles
 d - 24 stones (quivered)
 e - 6 poisoned darts
Armour
 h - a +0 ring mail (worn)
Jewellery
 I - a ring of see invisible (left hand)
Scrolls
 f - 3 scrolls of teleportation {unknown}
 j - a scroll of enchant weapon {unknown}
Potions
 g - a potion of haste {unknown}
 i - a potion of lignification {unknown}


   Skills:
 + Level 3.1 Fighting
 + Level 3.1 Polearms
 - Level 2.0 Throwing
 - Level 2.6 Dodging
 - Level 1.0 Spellcasting
 - Level 3.0 Hexes


You had 3 spell levels left.
You knew the following spells:

 Your Spells              Type           Power      Damage    Failure   Level
a - Slow                  Hex            28%        N/A       21%         1

Your spell library contained the following spells:

 Spells                   Type           Power      Damage    Failure   Level
 Confusing Touch          Hex            7%         N/A       52%         3
 Sandblast                Erth           0%         2d4       56%         1
 Corpse Rot               Necr/Air       0%         N/A       71%         2
 Passwall                 Tmut/Erth      0%         N/A       71%         2
 Inner Flame              Hex/Fire       4%         N/A       73%         3
 Portal Projectile        Hex/Tloc       8%         N/A       73%         3
 Stone Arrow              Conj/Erth      0%         3d7       90%         3
 Vampiric Draining        Necr           0%         2d6       90%         3
 Cause Fear               Hex            3%         N/A       89%         4
 Haunt                    Necr/Summ      0%         N/A       100%        7
 Summon Horrible Things   Summ           0%         N/A       100%        8


Dungeon Overview and Level Annotations

Branches:
Dungeon (2/15)

Altars:


Innate Abilities, Weirdness & Mutations

((You are very nimble when in or above water. (Stealth+, EV+, Speed+++)))
Your lower body shifts to a powerful aquatic tail in water.


Message History

You throw a javelin. The javelin pierces through the worm!
The worm is heavily wounded.
You hit the worm but do no damage.
The worm is heavily wounded.
You hit the worm.
The worm is severely wounded.
The worm bites you!
* * * LOW HITPOINT WARNING * * *
You barely miss the worm.
The worm is severely wounded.
You hit the worm.
The worm is almost dead.
The worm barely misses you.
Throw: 3 javelins
Press: ? - help, Q - select action, (/) - cycle Shift-Dir - straight line, f/p - worm
Aim: a worm (severely wounded, 79% to hit)
You throw a javelin. The javelin pierces through the worm.
The worm is severely wounded.
Throw: 2 javelins
Press: ? - help, Q - select action, (/) - cycle Shift-Dir - straight line, f/p - worm
Aim: a worm (severely wounded, 79% to hit)
You throw a javelin. The javelin pierces through the worm.
The worm is almost dead.
Throw: javelin
Press: ? - help, Q - select action, (/) - cycle Shift-Dir - straight line, f/p - worm
Aim: a worm (severely wounded, 79% to hit)
You throw a javelin. The javelin barely misses the worm.
The worm bites you.
* * * LOW HITPOINT WARNING * * *
You hit the worm but do no damage.
The worm is heavily wounded.
You hit the worm.
The worm is severely wounded.
The worm bites you but does no damage.
You barely miss the worm.
The worm is severely wounded.
You hit the worm.
The worm is almost dead.
The worm bites you.
You die...

.....>..# #.............#
........# #.............#
......### #..........<..#
#####)# #.............####
#(###### #.................
#(...(.#####.................
########.##....................
...............................
########(....w@.....#..........
#............#..........
#.............##########
#.............# #.............#
#.............# #.............#
#.............# #.............#


You could see a worm.

Vanquished Creatures
  A gnoll (D:1)
  2 dart slugs (D:1)
  2 endoplasms (D:1)
  8 goblins
  2 hobgoblins (D:2)
  3 jackals (D:2)
  3 quokkas
  5 ball pythons (D:1)
  5 bats (D:1)
  2 frilled lizards
  A kobold (D:1)
  6 rats (D:1)
40 creatures vanquished.

Notes
Turn   | Place    | Note
-------+----------+-------------------------------------------
     0 | D:1      | Armakuni the Merfolk Arcane Marksman began the quest for
                  | the Orb.
     0 | D:1      | Reached XP level 1. HP: 15/15 MP: 2/2
   223 | D:1      | Reached skill level 1 in Polearms
   223 | D:1      | Reached XP level 2. HP: 22/22 MP: 3/3
   582 | D:1      | Reached XP level 3. HP: 26/28 MP: 4/4
   829 | D:1      | Found a faded altar of an unknown god.
  1327 | D:2      | Got the Guide on Creative Dark Rites
  1426 | D:2      | Slain by a worm

Illustrated notes

Levels and vault maps discovered:
D:1:      zaba_arrival_water, layout_basic, shapermc_ecumenical_altar_acropolis,
          st_stairs_12, minmay_heptomino_o4
D:2:      layout_basic, basic_altar, minmay_door_square

Skill      XL: |  1  2  3 |
---------------+----------+-----
Fighting       | 2 3 |  3.1
Polearms       | 1 2 3 |  3.1
Throwing       | |  2.0
Dodging        | |  2.6
Spellcasting   | |  1.0
Hexes          | |  3.0

Action                   || total
-------------------------++-------
Melee: Unarmed           ||     9
       Spear             ||   142
       Punch             ||     1
Throw: Stone             ||     6
       Javelin           ||     6
       Dart              ||     5
       Throwing net      ||     2
 Stab: Distracted        ||     1
       Sleeping          ||     1
Armor: Robe              ||    17
       Ring mail         ||    27
Dodge: Dodged            ||    87
